AoeStats
← Sterlo White

Arabia

509188271Analyzed
1v1 RM · 5d ago on Sep 25, 2026· 54m 56s· 2 players
Game mode
Random Map
Map size
Tiny (2 player)
Population
200
Speed
Normal
Resources
Standard
Victory
Conquest
Starting age
Dark Age
Ending age
Imperial Age
RankedLock teamsTeams togetherTeam positionsShared explorationLock speedFull tech treeHidden civsTurbo modeCheats
Victory
Defeat
🇰🇿 Khmer · Kazakhstan
1060
+16
🇦🇷 Vikings · Argentina
1057
-16
Rodrigoo
6:33 Loom
6:41 Loom
9:53 Feudal Age
10:51 Double-Bit Axe
12:20 Double-Bit Axe
16:38 Horse Collar
18:13 Fletching
22:32 Castle Age
21:14 Scale Mail Armor
21:33 Stone Mining
21:52 Gold Mining
22:29 Forging
22:42 Pikeman
24:37 Padded Archer Armor
25:39 Squires
27:44 Chain Mail Armor
29:05 Bodkin Arrow
30:59 Town Watch
33:19 Chieftains
36:23 Iron Casting
38:33 Bow Saw
44:27 Imperial Age
47:19 Imperial Age
49:05 Blast Furnace
51:08 Plate Mail Armor
53:16 Elite Berserk
Sterlo White
6:04 Loom
9:11 Feudal Age
18:22 Castle Age
16:36 Double-Bit Axe
18:13 Bloodlines
17:50 Horse Collar
20:13 Husbandry
19:34 Light Cavalry
23:20 Bow Saw
26:02 Heavy Plow
27:11 Scale Barding Armor
29:36 Town Watch
32:23 Forging
32:33 Chain Barding Armor
36:31 Iron Casting
35:46 Fletching
35:57 Padded Archer Armor
39:09 Imperial Age
37:36 Gold Mining
38:41 Wheelbarrow
39:22 Town Patrol
40:42 Conscription
39:58 Hussar
43:05 Cavalier
43:06 Hussar
49:20 Plate Barding Armor
49:46 Blast Furnace
49:03 Leather Archer Armor
53:46 Double Crossbow
54:06 Elite Ballista Elephant
Connection lost

Rejoining the realm…

Still unreachable

The connection could not be restored.

Session expired

The server has moved on; the page needs a fresh start.